 Dungeon Crawl Stone Soup version 0.27.1-33-g824d729ab1 (webtiles) character file.

Game seed: 17871757003850155878

124 zeram the Shield-Bearer (level 5, -4/32 HPs)
             Began as a Gargoyle Fighter on Dec 26, 2021.
             Slain by a wight (6 damage)
             ... on level 3 of the Dungeon.
             The game lasted 00:02:52 (3152 turns).

zeram the Shield-Bearer (Gargoyle Fighter)          Turns: 3152, Time: 00:02:53

Health: -4/32      AC: 12    Str: 20    XL:     5   Next: 8%
Magic:  5/5        EV:  7    Int:  9    God:
Gold:   61         SH:  9    Dex:  9    Spells: 4/4 levels left

rFire    . . .     SeeInvis .   a - +0 flail
rCold    . . .     Faith    .   c - +0 kite shield
rNeg     + . .     Spirit   .   b - +0 scale mail
rPois    ∞         Reflect  .   j - +0 helmet
rElec    +         Harm     .   (no cloak)
rCorr    .         Rampage  .   (no gloves)
Will     .....                  (no boots)
Stlth    ..........             (no amulet)
HPRegen  0.10/turn              (no ring)
MPRegen  0.09/turn              (no ring)

@: no status effects
A: sickness immunity, AC +4, negative energy resistance 1, electricity
resistance, torment resistance 1, petrification resistance
a: no special abilities


You were on level 3 of the Dungeon.
You visited 1 branch of the dungeon, and saw 3 of its levels.

You collected 61 gold pieces.

Inventory:

Hand Weapons
 a - a +0 flail (weapon)
Missiles
 k - 127 stones (quivered)
Armour
 b - a +0 scale mail (worn)
 c - a +0 kite shield (worn)
 j - a +0 helmet (worn)
Wands
 l - a wand of flame (13)
Scrolls
 e - 2 scrolls of teleportation
 f - a scroll of blinking
Potions
 d - 2 potions of might
 h - a potion of flight


   Skills:
 - Level 3.2 Fighting
 + Level 3.6 Maces & Flails
 + Level 4.0 Armour
 + Level 1.0 Dodging
 + Level 4.1 Shields


You had 4 spell levels left.
You didn't know any spells.
Your spell library contained the following spells:

 Spells                   Type           Power      Damage    Failure   Level
 Beastly Appendage        Tmut           0%         N/A       99%         1
 Wereblood                Tmut           0%         N/A       100%        2
 Spider Form              Tmut/Pois      0%         N/A       100%        3


Dungeon Overview and Level Annotations

Branches:
Dungeon (3/15)

Altars:

Shops:
D:1 =


Innate Abilities, Weirdness & Mutations

You are immune to sickness and miasma.
Your stone body is resilient. (AC +4)
You are immune to poison.
You resist negative energy. (rN+)
You are resistant to electric shocks. (rElec)
You are resistant to unholy torment.
You are immune to petrification.


Message History

A giant cockroach is nearby!
A giant cockroach is nearby!
A giant cockroach is nearby!
You see here a +0 club.
You hit the giant cockroach.
The giant cockroach is almost dead.
The giant cockroach bites you but does no damage. x2
You sock the giant cockroach!
You kill the giant cockroach!
No target in view!
No target in view!
No target in view!
No target in view!
No target in view!
No target in view!
No target in view!
No target in view!
No target in view!
No target in view!
k - 127 stones (gained 34)
A wight comes into view. It is wielding a +0 halberd.
A wight is nearby!
A wight is nearby!
A wight is nearby!
A wight is nearby!
A wight comes into view. It is wielding a +5 battleaxe.
The wight hits you but does no damage.
You thump the wight!
The wight is severely damaged.
The wight hits you but does no damage. The wight hits you with a +0 halberd!
You closely miss the wight.
The wight is severely damaged.
The wight hits you but does no damage.
You hit the wight.
The wight is severely damaged.
The wight hits you with a +0 halberd. The wight hits you with a +5 battleaxe!
* * * LOW HITPOINT WARNING * * *
Unknown command.
The wight hits you from afar with a +0 halberd.
You die...

.. # .. . # #. .#
#. #. .#
.##.##.##.#
..........#
#....zz.#..
#..#...# #+#
#.@#...# #.#
#..#...# #.#
#..#..<# #.#
#..#...### #.#
#........####.#####
#..................
#........##......##
#........##......##
#........##........


You could see 2 wights.

Vanquished Creatures
  Jessica (D:2)
  Robin (D:2)
  An adder (D:3)
  2 worms (D:2)
  2 dart slugs
  3 ball pythons
  5 endoplasms
  2 giant cockroaches
  10 goblins
  8 hobgoblins
  6 jackals
  4 kobolds
  5 quokkas
  5 bats
  A frilled lizard (D:1)
  4 rats (D:1)
60 creatures vanquished.

Notes
Turn   | Place    | Note
-------+----------+-------------------------------------------
     0 | D:1      | zeram the Gargoyle Fighter began the quest for the Orb.
     0 | D:1      | Reached XP level 1. HP: 14/14 MP: 1/1
   280 | D:1      | Reached XP level 2. HP: 19/19 MP: 2/2
   600 | D:1      | Found Zenwoj's Jewellery Boutique.
   664 | D:1      | Reached XP level 3. HP: 22/23 MP: 3/3
   923 | D:1      | Found a faded altar of an unknown god.
  2085 | D:2      | Noticed Robin
  2097 | D:2      | Reached XP level 4. HP: 19/28 MP: 4/4
  2107 | D:2      | Killed Robin
  2280 | D:2      | Noticed Jessica
  2293 | D:2      | Killed Jessica
  2294 | D:2      | Reached skill level 1 in Dodging
  3021 | D:3      | Reached XP level 5. HP: 22/32 MP: 5/5
  3152 | D:3      | Slain by a wight

Illustrated notes

Levels and vault maps discovered:
D:1:      wheals_arrival_shading, layout_basic,
          hellmonk_ecumenical_altar_crossroads, serial_shops, shop
D:2:      layout_loops_corners, serial_glass, glass_columns_b, glass_columns_c,
          glass_columns_b, glass_columns_a, uniq_jessica, uniq_robin
D:3:      layout_basic

Skill      XL: |  1  2  3  4 |
---------------+-------------+-----
Maces & Flails | 3 |  3.6
Shields        | 4 |  4.1
Dodging        | 1 |  1.0
Armour         | 4 |  4.0
Fighting       | |  3.2

Action                   |  1- 3 |  4- 6 || total
-------------------------+-------+-------++-------
Melee: Flail             |   141 |    68 ||   209
  Use: Scroll            |     4 |     2 ||     6
Armor: Scale mail        |    88 |    41 ||   129
Dodge: Dodged            |    49 |    21 ||    70
Block: Kite shield       |    88 |    25 ||   113
